 Dungeon Crawl Stone Soup version 0.31-a0-1008-g5b978dac0e (webtiles) character file.

Game seed: 8137385368397332672

218772 Dirtsage the Metamorph (level 19, -4/180 HPs)
             Began as an Octopode Shapeshifter on Nov 12, 2023.
             Was an Initiate of Gozag.
             Slain by a merfolk
             ... wielding a +2 spear of flaming
             ... led by a merfolk impaler
              (7 damage)
             ... on level 4 of the Shoals.
             The game lasted 01:23:42 (29679 turns).

Dirtsage the Metamorph (Octopode Shapeshifter)     Turns: 29679, Time: 01:23:42

Health: -4/180     AC: 34    Str: 15    XL:     19   Next: 12%
Magic:  15/19      EV: 19    Int: 20    God:    Gozag
Gold:   5023       SH: 22    Dex: 12    Spells: 8/18 levels left

rFire   . .          .
                       - Unarmed
rCold   + . .        Q - +5 Storm Queen's Shield {shock, Fly rElec}
rNeg    + + .        A - +0 hat of Jamoilich {Will++ Int+4 Dex-4}
rPois   ∞            f - amulet of reflection
rElec   +            j - ring of willpower
rCorr   +            N - ring of positive energy
SInv    +            D - +5 ring of evasion
Will    +++++        W - ring of wizardry
Stlth   ++           G - +4 ring of protection
HPRegen 0.50/turn    I - ring of protection from cold
MPRegen 0.16/turn    e - ring "Yfrely" {Fly rPois Str+2 SInv}
                     c - ring "Homoitti" {Will+ rCorr}

%: reflection, wizardry (x1)
@: statue-form, wereblooded, gold aura, flying, very slow
A: slow and powerful, torment resistance 1, boosted hp, almost no armour,
amphibious, 8 rings, camouflage 1, (gelatinous body 1), (nimble swimmer 1),
tentacles
}: 1/15 runes: gossamer
a: Begin Untransformation, Renounce Religion, Potion Petition, Call Merchant,
Bribe Branch


You were on level 4 of the Shoals.
You worshipped Gozag.
Gozag was greatly pleased with you.
You were a living statue of rough stone.
You visited 6 branches of the dungeon, and saw 31 of its levels.

You collected 12261 gold pieces.
You spent 3505 gold pieces at shops.
You paid 3733 gold pieces to Gozag.

Inventory:

Missiles
 F - 3 throwing nets
 J - 8 curare-tipped darts
Armour
 A - the +0 hat of Jamoilich (worn) {Will++ Int+4 Dex-4}
   (You acquired it on level 2 of the Spider Nest)

   Int+4:     It affects your intelligence (+4).
   Dex-4:     It affects your dexterity (-4).
   Will++:    It greatly increases your willpower.
 Q - the +5 Storm Queen's Shield (worn) {shock, Fly rElec}
   (You bought it in a shop on level 2 of the Orcish Mines)

   Shock:     When it blocks an attack, it may electrocute the attacker.
   This works even against foes who are a short distance away.
   rElec:     It insulates you from electricity.
   Fly:       It grants you flight.
Jewellery
 b - a ring of fire
 c - the ring "Homoitti" (on tentacle) {Will+ rCorr}
   (You bought it in a shop on level 4 of the Lair of Beasts)

   [ring of resist corrosion]

   Will+:     It increases your willpower.
   rCorr:     It protects you from acid and corrosion.
 e - the ring "Yfrely" (on tentacle) {Fly rPois Str+2 SInv}
   (You bought it in a shop on level 4 of the Lair of Beasts)

   [ring of poison resistance]

   Str+2:     It affects your strength (+2).
   rPois:     It protects you from poison SInv: It lets you see invisible.
   Fly:       It grants you flight.
 f - an amulet of reflection (around mantle)
 j - a ring of willpower (left tentacle)
 o - an amulet of regeneration
 s - an amulet of guardian spirit
 y - a ring of fire
 C - a ring of willpower
 D - a +5 ring of evasion (on tentacle)
 G - a +4 ring of protection (on tentacle)
 H - a +4 ring of protection
 I - a ring of protection from cold (on tentacle)
 N - a ring of positive energy (right tentacle)
 W - a ring of wizardry (on tentacle)
Talismans
 p - a dragon-blood talisman
 r - a granite talisman (active)
 L - the serpent talisman of Words of Power {rC+ rN+ rCorr}
   (You took it off Aizul on level 2 of the Spider Nest)

   [serpent talisman]

   rC+:       It protects you from cold.
   rN+:       It protects you from negative energy.
   rCorr:     It protects you from acid and corrosion.
Wands
 E - a wand of light (18)
 M - a wand of roots (18)
Scrolls
 g - 5 scrolls of fear
 i - 3 scrolls of identify
 k - 3 scrolls of immolation
 t - 11 scrolls of teleportation
 v - 5 scrolls of amnesia
 B - 2 scrolls of blinking
 T - a scroll of silence
 U - 2 scrolls of noise
 V - 7 scrolls of vulnerability
 X - a scroll of enchant armour
 Y - 3 scrolls of poison
 Z - 2 scrolls of torment
Potions
 a - 3 potions of lignification
 d - 2 potions of might
 h - 6 potions of haste
 l - 2 potions of heal wounds
 m - 7 potions of magic
 n - 5 potions of resistance
 q - 9 potions of curing
 u - 6 potions of enlightenment
 w - 2 potions of brilliance
 z - 6 potions of attraction
 K - 13 potions of ambrosia
 O - 5 potions of mutation
 P - a potion of invisibility
Miscellaneous
 x - a box of beasts
 R - a phial of floods
 S - a lightning rod (4/4)


   Skills:
 + Level 15.1 Fighting
 + Level 9.6 Dodging
 + Level 12.9 Shields
 + Level 15.3 Unarmed Combat
 - Level 3.0 Conjurations
 + Level 8.1 Translocations
 - Level 5.0 Transmutations
 - Level 6.4 Ice Magic
 + Level 3.2 Air Magic
 + Level 19.0 Shapeshifting


You had 8 spell levels left.
You knew the following spells:

 Your Spells              Type           Power      Damage    Failure   Level
a - Wereblood             Tmut           20%        N/A       2%          2
b - Manifold Assault      Tloc           32%        N/A       5%          4
c - Vhi's Electric Charg  Tloc/Air       44%        N/A       14%         4

Your spell library contained the following spells:

 Spells                   Type           Power      Damage    Failure   Level
 Apportation              Tloc           64%        N/A       1%          1
 Blink                    Tloc           64%        N/A       1%          2
 Gell's Gravitas          Tloc           32%        N/A       1%          3
 Teleport Other           Tloc           32%        N/A       1%          3
 Shock                    Conj/Air       48%        1d6       4%          1
 Ensorcelled Hibernation  Hex/Ice        24%        N/A       6%          2
 Passwall                 Tmut/Erth      8%         N/A       9%          2
 Swiftness                Air            13%        N/A       12%         3
 Cigotuvi's Dreadful Rot  Necr/Pois/Air  8%         N/A       14%         2
 Necrotise                Necr           0%         1d4       16%         1
 Summon Small Mammal      Summ           0%         N/A       16%         1
 Jinxbite                 Hex            0%         N/A       22%         2
 Ignite Poison            Fire/Tmut/Pois 6%         N/A       22%         3
 Stone Arrow              Conj/Erth      12%        3d7       24%         3
 Airstrike                Air            6%         2d(1-17)  34%         4
 Call Canine Familiar     Summ           0%         N/A       38%         3
 Summon Guardian Golem    Hex/Summ       0%         N/A       38%         3
 Vampiric Draining        Necr           0%         2d6       38%         3
 Freezing Cloud           Conj/Ice/Air   8%         6-21      54%         5
 Summon Lightning Spire   Summ/Air       6%         N/A       56%         4
 Summon Forest            Summ/Tloc      8%         N/A       56%         5
 Irradiate                Conj/Tmut      8%         3d14      58%         5
 Dispersal                Tloc           16%        N/A       58%         6
 Arcjolt                  Conj/Air       6%         1d16      69%         5
 Olgreb's Toxic Radiance  Pois           0%         N/A       78%         4
 Alistair's Intoxication  Tmut/Pois      6%         N/A       78%         5
 Agony                    Necr           0%         N/A       98%         5
 Lee's Rapid Deconstruct  Erth           0%         3d4*      98%         5
 Summon Mana Viper        Hex/Summ       0%         N/A       98%         5
 Summon Cactus Giant      Summ           0%         N/A       100%        6
 Discord                  Hex            0%         N/A       100%        8
 Ignition                 Fire           0%         3d3       100%        8
 Lehudib's Crystal Spear  Conj/Erth      3%         10d2      100%        8
 Maxwell's Capacitive Co  Air            6%         ∞         100%        8
 Dragon's Call            Summ           0%         N/A       100%        9
 Animate Armour           Summ/Erth      Unusable   N/A       N/A         4
 Simulacrum               Ice/Necr       Unusable   N/A       N/A         6

Dungeon Overview and Level Annotations

Branches:
Dungeon (15/15)            Temple (1/1) D:6            Lair (5/5) D:10
 Shoals (4/4) Lair:2       Spider (4/4) Lair:2        Slime (0/5) Lair:5
    Orc (2/2) D:12            Elf (0/3) Orc:2        Vaults (0/5) D:13
 Depths (0/4) D:15

Altars:
Ashenzari
Cheibriados
Dithmenos
Elyvilon
Fedhas
Gozag
Hepliaklqana
Kikubaaqudgha
Makhleb
Nemelex Xobeh
Okawaru
Qazlal
Ru
Sif Muna
Trog
Uskayaw
Vehumet
Wu Jian
Xom
Yredelemnul
Zin
The Shining One

Shops:
D:11 ?   Orc:2 (?[[   Lair:4 =*:   Spider:4 =

Annotations:
Spider:1 2 transporters, GrimJard's ghost, journeyman TrFi


Innate Abilities, Weirdness & Mutations

You are a living statue of rough stone.
Your actions are slow, but your melee attacks are powerful.
You are resistant to unholy torment.
Your maximum health is greatly increased.
You cannot wear most types of armour.
You are amphibious.
You can wear up to eight rings at the same time.
You are immune to poison.
Your skin changes colour to match your surroundings (Stealth+).
((Your rubbery body absorbs attacks. (AC +1, EV +1)))
((You are camouflaged when in or above water. (Stealth+)))
You have tentacles for arms and can constrict up to eight enemies at once.


Message History

You regained 4 hp, and now have 32/180 hp.
Casting: Wereblood (safe; 2% risk of failure)
Confirm with . or Enter, or press ? or * to list all spells.
Okay, then.
Casting: Wereblood (safe; 2% risk of failure)
Confirm with . or Enter, or press ? or * to list all spells.
Charge where?
Press: ? - help, Dir - move target, f - dream sheep
Aim: a dream sheep (heavily wounded, 87% to hit)
You charge forward with an electric crackle!
The merfolk javelineer shouts!
You thrash the dream sheep and electrocute it!!!!
You feel a bit better.
You kill the dream sheep!
You block the merfolk's attack.
You regained 2 hp, and now have 34/180 hp.
You now have 15/19 mp.
You batter the merfolk!!
You feel a bit better.
You kill the merfolk!
The wind drake is no longer distracted by gold.
The wind drake flaps its wings at you. The air twists around and strikes you!
* * * LOW HITPOINT WARNING * * *
You block the merfolk's attack.
Your shield discharges, shocking the merfolk!
The wind drake flaps its wings at you. The air twists around and strikes you!
* * * LOW HITPOINT WARNING * * *
You take 26 damage, and have 8/180 hp.
You feel much better.
The merfolk hits you from afar with a +2 spear of flaming!
* * * LOW HITPOINT WARNING * * *
The merfolk burns you.
* * * LOW HITPOINT WARNING * * *
You block the dream sheep's attack.
The merfolk hits you from afar with a +2 spear of flaming!
* * * LOW HITPOINT WARNING * * *
The merfolk burns you!
You die...
Your body crumbles into a pile of gold.

........## ~~~#
..P.....# .
P.##~~~###P.......##
.####~P~~≈~~.##....P...#
....##~~≈≈≈~P~#P.....P..
...<.#~~~≈≈≈~~..........
.P...##..≈≈≈.~~.Y..P....
......#~.~≈m$~..8..P....
.......P~$$≈≈~..$.......
P....$$$...≈k$~m$......#
.........~$≈≈≈.~.....~.P
#....$$$..~~≈≈≈~.~...~~~
#P.......~.~≈≈≈~~~~~~P~~
##........~~~≈≈≈~~~.~.~~
+....~~P...P≈≈≈≈~~~~≈≈≈
#.~...~~~.~P~≈≈≈≈≈≈≈≈≈


You could see a merfolk javelineer, a wind drake (repels missiles), a merfolk
and a dream sheep.

Vanquished Creatures
  Nikola (Shoals:2)
  Polyphemus (Shoals:2)
  The ghost of Graknight the Earth Mage, an adept GrEE of Okawaru (Spider:4)
  Aizul (Spider:2)
  Ilsuiw (Shoals:2)
  5 emperor scorpions
  4 ghost moths
  2 broodmothers
  3 spark wasps
  4 elemental wellsprings (Shoals:1)
  5 dire elephants (Lair:5)
  Azrael (Spider:2)
  A merfolk javelineer (Shoals:2)
  2 fire dragons
  7 merfolk impalers
  An ice dragon (Shoals:2)
  8 entropy weavers
  2 vault guards (D:13)
  A rakshasa (D:15)
  7 hydras
  2 catoblepae
  3 ghost crabs (D:12)
  7 centaur warriors
  A jorogumo (Spider:4)
  2 two-headed ogres (D:10)
  5 radroaches
  5 boulder beetles
  A satyr (Shoals:2)
  8 death yaks
  3 merfolk avatars
  13 demonic crawlers
  A holy swine (Shoals:4)
  4 orc high priests
  An occultist (D:15)
  Sonja (Lair:1)
  Nergalle (Lair:1)
  6 fire crabs (D:12)
  10 skysharks
  A spectral death yak (Lair:5)
  2 orb spiders (Spider:1)
  9 pharaoh ants
  7 sea snakes
  2 sun moths (Spider:2)
  9 steelbarb worms
  A spectral anaconda (Lair:5)
  An obsidian statue (Lair:5)
  2 arcanists (D:13)
  A lindwurm (Orc:1)
  4 deep elf pyromancers
  7 necromancers
  21 harpies
  3 cyclopes
  3 orc sorcerers (Orc:2)
  19 wolf spiders
  7 orc knights
  7 ugly things
  8 manticores
  15 elephants
  4 moths of wrath
  14 fauns
  An apocalypse crab (D:12)
  9 merfolk sirens
  7 torpor snails
  3 water nymphs
  4 gargoyles
  3 black mambas
  Psyche (D:11)
  22 cane toads
  4 centaur skeletons (D:15)
  Maggie (D:10)
  2 emperor scorpion simulacra (Spider:4)
  3 rime drakes
  An efreet (D:13)
  3 komodo dragons
  2 spark wasp simulacra (Spider:4)
  2 tengu conjurers
  A queen bee (D:13)
  6 trolls
  4 wind drakes
  24 tarantellas
  16 meliai
  4 snapping turtles
  12 merfolk
  A broodmother simulacrum (Spider:4)
  A hornet (D:9)
  23 blink frogs
  A spectral elephant (Lair:5)
  5 dream sheep (Shoals:4)
  2 polar bears
  A meliai zombie (D:15)
  20 jumping spiders
  11 slime creatures
  6 spriggans (Lair:2)
  A shadow (D:13)
  22 culicivoras
  11 water elementals
  5 wyverns
  5 basilisks
  3 fire elementals (Spider:2)
  18 humans (D:13)
  59 yaks
  4 wraiths
  2 steam dragons
  45 redbacks
  6 vampire mosquitoes
  3 death yak simulacra (Lair:5)
  3 wargs (Orc:2)
  4 hell hounds (Spider:2)
  18 water moccasins
  25 orc warriors
  2 elephant zombies (Lair:5)
  An ice beast (D:5)
  3 radroach simulacra (Spider:4)
  2 black bears
  4 ogres
  9 centaurs
  16 wolves
  2 elephant skeletons (Lair:5)
  2 kobold brigands
  3 scorpions
  15 bullfrogs
  3 gnoll sergeants
  2 cane toad simulacra (Lair:5)
  32 killer bees
  An elephant simulacrum (Lair:5)
  15 jellies
  2 electric eels (Spider:3)
  5 howler monkeys
  4 hounds
  26 orc priests
  4 iguanas
  An iron imp (D:13)
  A sleepcap (D:4)
  28 orc wizards
  5 adders
  9 gnolls
  2 white imps
  2 ufetubi (D:4)
  2 worms (D:2)
  2 dart slugs
  85 orcs
  5 ball pythons
  26 endoplasms
  3 giant cockroaches (D:1)
  7 goblins
  7 hobgoblins
  7 jackals
  5 quokkas
  6 bats
  7 frilled lizards
  8 kobolds
  2 rats (D:2)
1092 creatures vanquished.

Vanquished Creatures (others)
  Arachne (Spider:4)
  A satyr (Shoals:3)
  An occultist (D:15)
  2 harpies (Shoals:3)
  2 manticores
  A faun (Shoals:3)
  A centaur (Shoals:3)
  An orc priest (Orc:2)
10 creatures vanquished.

Grand Total: 1102 creatures vanquished

Notes
Turn   | Place    | Note
-------+----------+-------------------------------------------
     0 | D:1      | Dirtsage the Octopode Shapeshifter began the quest for the
                  | Orb.
     0 | D:1      | Reached XP level 1. HP: 13/13 MP: 1/1
   133 | D:1      | Reached XP level 2. HP: 18/18 MP: 2/2
   382 | D:1      | Reached XP level 3. HP: 20/23 MP: 3/3
   911 | D:2      | Reached XP level 4. HP: 26/29 MP: 4/4
  1125 | D:2      | Reached skill level 4 in Shapeshifting
  2009 | D:4      | Identified the "Kiafupya"
  2009 | D:4      | Identified the of Keqyupte
  2009 | D:4      | Identified the "Guzojis"
  2073 | D:4      | Reached XP level 5. HP: 25/35 MP: 5/5
  2098 | D:4      | Found an opulent altar of Gozag.
  2104 | D:4      | Became a worshipper of Gozag Ym Sagoz the Greedy
  2270 | D:4      | Identified the +2 scale mail of Urinwuph {Regen+ Str+5}
  2611 | D:4      | Noticed a water moccasin
  2619 | D:4      | Killed a water moccasin
  2620 | D:4      | Reached skill level 5 in Shapeshifting
  2620 | D:4      | Reached XP level 6. HP: 42/42 MP: 6/6
  2710 | D:4      | Found a stormy altar of Qazlal.
  2711 | D:4      | Found a sacrificial altar of Ru.
  2985 | D:4      | Found a shimmering blue altar of Sif Muna.
  3037 | D:5      | Entered Level 5 of the Dungeon
  3069 | D:5      | Reached XP level 7. HP: 43/46 MP: 7/7
  3269 | D:5      | Reached skill level 5 in Unarmed Combat
  3269 | D:5      | Reached skill level 6 in Shapeshifting
  3318 | D:5      | Learned a level 2 spell: Wereblood
  3643 | D:6      | Reached skill level 1 in Transmutations
  3643 | D:6      | Reached XP level 8. HP: 51/54 MP: 8/8
  3701 | D:6      | Found a staircase to the Ecumenical Temple.
  3710 | Temple   | Entered the Ecumenical Temple
  4377 | D:7      | Reached skill level 7 in Shapeshifting
  4597 | D:7      | Reached skill level 5 in Fighting
  4786 | D:7      | Reached XP level 9. HP: 61/61 MP: 9/9
  4863 | D:7      | Found a bloodstained altar of Trog.
  5265 | D:8      | HP: 2/61 [orc priest/divine providence (14)]
  5364 | D:8      | Reached skill level 8 in Shapeshifting
  6703 | D:9      | Reached XP level 10. HP: 64/69 MP: 10/10
  6720 | D:9      | Reached skill level 9 in Shapeshifting
  6752 | D:9      | Reached skill level 5 in Transmutations
  6931 | D:9      | Found a burning altar of Makhleb.
  7364 | D:10     | Entered Level 10 of the Dungeon
  7400 | D:10     | Noticed a gargoyle
  7405 | D:10     | Killed a gargoyle
  7465 | D:10     | Reached skill level 1 in Shields
  7500 | D:10     | Reached skill level 10 in Shapeshifting
  7519 | D:10     | HP: 2/71 [yak (14)]
  7579 | D:10     | Found a staircase to the Lair.
  8109 | D:10     | Noticed Maggie
  8123 | D:10     | Killed Maggie
  8124 | D:10     | Reached XP level 11. HP: 38/76 MP: 11/11
  8447 | D:10     | Found a snail-covered altar of Cheibriados.
  8499 | D:10     | Noticed a two-headed ogre
  8506 | D:10     | Killed a two-headed ogre
  8557 | D:10     | Noticed a two-headed ogre
  8563 | D:10     | Killed a two-headed ogre
  8887 | Lair:1   | Entered Level 1 of the Lair of Beasts
  8887 | Lair:1   | Noticed a catoblepas
  8925 | D:10     | Reached skill level 11 in Shapeshifting
  9001 | D:10     | Killed a catoblepas
  9181 | Lair:1   | Noticed Nergalle
  9207 | Lair:1   | Killed Nergalle
  9251 | Lair:1   | Noticed an eight-headed hydra
  9262 | Lair:1   | Killed an eight-headed hydra
  9263 | Lair:1   | Reached skill level 5 in Shields
  9327 | Lair:1   | Reached XP level 12. HP: 84/84 MP: 12/12
  9598 | Lair:1   | Reached skill level 12 in Shapeshifting
  9803 | Lair:1   | Noticed Sonja
  9818 | Lair:1   | Killed Sonja
 10369 | Lair:2   | Noticed a skyshark
 10414 | Lair:2   | Killed a skyshark
 10644 | Lair:2   | Reached skill level 10 in Unarmed Combat
 10843 | Lair:2   | Found a staircase to the Shoals.
 10966 | Lair:2   | Found a hole to the Spider Nest.
 11543 | Lair:2   | Reached skill level 13 in Shapeshifting
 11787 | Lair:2   | Reached XP level 13. HP: 60/92 MP: 11/13
 11850 | Lair:2   | Reached skill level 10 in Fighting
 12164 | Lair:3   | Identified the +3 great sword of Darkness {venom, Drain
                  | +Blink Int+2}
 12880 | Lair:4   | Identified the of Bakluury
 13217 | Lair:4   | Reached skill level 14 in Shapeshifting
 13652 | Lair:4   | Identified a scroll of acquirement
 13653 | Lair:4   | Identified the "Amour" (You acquired it on level 4 of the
                  | Lair of Beasts)
 13661 | Lair:4   | Bought a scroll of identify for 28 gold pieces
 13661 | Lair:4   | Bought a scroll of blinking for 105 gold pieces
 13661 | Lair:4   | Bought a potion of might for 56 gold pieces
 13661 | Lair:4   | Bought a potion of curing for 42 gold pieces
 13668 | Lair:4   | Acquired 410 gold pieces
 13673 | Lair:4   | Bought the ring "Homoitti" {Will+ rCorr} for 521 gold
                  | pieces
 13673 | Lair:4   | Bought the ring "Yfrely" {Fly rPois Str+2 SInv} for 600
                  | gold pieces
 14272 | Lair:5   | Entered Level 5 of the Lair of Beasts
 14369 | Lair:5   | Reached skill level 1 in Ice Magic
 14369 | Lair:5   | Reached XP level 14. HP: 101/101 MP: 14/14
 14436 | Lair:5   | Found a staircase to the Slime Pits.
 15205 | Lair:5   | Noticed a dire elephant
 15205 | Lair:5   | Noticed a dire elephant
 15205 | Lair:5   | Noticed a dire elephant
 15208 | Lair:5   | Noticed a dire elephant
 15208 | Lair:5   | Noticed a dire elephant
 15219 | Lair:5   | Killed a dire elephant
 15492 | Lair:5   | Reached skill level 15 in Shapeshifting
 15520 | Lair:5   | Killed a dire elephant
 15527 | Lair:5   | Killed a dire elephant
 15538 | Lair:5   | Killed a dire elephant
 15543 | Lair:5   | Killed a dire elephant
 15824 | D:11     | Noticed Psyche
 15904 | D:11     | Found Heihygh's Magic Scroll Shoppe.
 15913 | D:11     | Bought a scroll of poison for 60 gold pieces
 15913 | D:11     | Bought a scroll of poison for 60 gold pieces
 15913 | D:11     | Bought a scroll of identify for 30 gold pieces
 15913 | D:11     | Bought a scroll of identify for 30 gold pieces
 15913 | D:11     | Bought a scroll of teleportation for 45 gold pieces
 15913 | D:11     | Bought a scroll of teleportation for 45 gold pieces
 16015 | D:11     | Killed Psyche
 16564 | D:12     | Found a staircase to the Orcish Mines.
 16621 | D:12     | Reached XP level 15. HP: 108/108 MP: 15/15
 16752 | D:12     | Found a runed translucent door.
 17303 | D:12     | Reached skill level 5 in Ice Magic
 17508 | D:13     | Reached skill level 10 in Shields
 17779 | D:13     | Found a snail-covered altar of Cheibriados.
 17953 | D:13     | Reached skill level 16 in Shapeshifting
 18026 | D:13     | Reached skill level 1 in Conjurations
 18026 | D:13     | Reached skill level 1 in Air Magic
 18053 | D:13     | Found a gate to the Vaults.
 18574 | Orc:1    | Entered Level 1 of the Orcish Mines
 18783 | Orc:2    | Entered Level 2 of the Orcish Mines
 19788 | Orc:2    | Found a staircase to the Elven Halls.
 20152 | Orc:2    | Found Unisoxt's Antique Armour Boutique.
 20152 | Orc:2    | Found Ykoorhis's Armour Emporium.
 20157 | Orc:2    | Reached XP level 16. HP: 84/116 MP: 16/16
 20165 | Orc:2    | Found Licij's Antique Weapon Boutique.
 20165 | Orc:2    | Found Ulomp's Magic Scroll Emporium.
 20196 | Orc:2    | Bought a scroll of identify for 30 gold pieces
 20196 | Orc:2    | Bought a scroll of teleportation for 45 gold pieces
 20196 | Orc:2    | Bought a scroll of teleportation for 45 gold pieces
 20203 | Orc:2    | Bought the +5 Storm Queen's Shield {shock, Fly rElec} for
                  | 1413 gold pieces
 20203 | Orc:2    | Found the +5 Storm Queen's Shield {shock, Fly rElec}
 20445 | Spider:1 | Entered Level 1 of the Spider Nest
 20606 | Lair:2   | Learned a level 4 spell: Manifold Assault
 20808 | Spider:1 | Reached skill level 1 in Translocations
 20938 | Spider:1 | Identified the +8 quarterstaff of the Hills {flame, Str+3
                  | Int+6}
 21113 | Spider:1 | Reached skill level 5 in Dodging
 21443 | Spider:1 | Found a transporter.
 21443 | Spider:1 | Noticed GrimJard's ghost (journeyman TrFi)
 21481 | Spider:1 | Found a transporter.
 21669 | Spider:2 | Noticed Azrael
 21688 | Spider:2 | Reached skill level 17 in Shapeshifting
 21692 | Spider:2 | Killed Azrael
 22260 | Spider:2 | Identified the serpent talisman of Words of Power {rC+ rN+
                  | rCorr}
 22260 | Spider:2 | Noticed Aizul
 22271 | Spider:2 | Killed Aizul
 22382 | Spider:2 | Acquired the +0 hat of Jamoilich {Will++ Int+4 Dex-4}
 22630 | Spider:3 | Reached XP level 17. HP: 123/123 MP: 0/17
 23227 | Spider:4 | Entered Level 4 of the Spider Nest
 23658 | Spider:4 | Reached skill level 5 in Translocations
 23659 | Spider:4 | Noticed Arachne
 24210 | Spider:4 | Killed Arachne
 24457 | Spider:4 | Got a gossamer rune of Zot
 24805 | Spider:4 | Reached skill level 18 in Shapeshifting
 25145 | Spider:4 | Found a runed translucent gate.
 25148 | Spider:4 | Found a runed translucent gate.
 25149 | Spider:4 | Found a runed translucent gate.
 25153 | Spider:4 | Noticed Graknight's ghost (adept GrEE)
 25180 | Spider:4 | Killed Graknight's ghost
 25402 | Spider:4 | Bought a ring of protection from cold for 350 gold pieces
 26042 | D:15     | Entered Level 15 of the Dungeon
 26068 | D:15     | Reached XP level 18. HP: 131/131 MP: 16/18
 26371 | D:15     | Found a staircase to the Depths.
 26825 | Shoals:1 | Entered Level 1 of the Shoals
 28101 | Shoals:2 | Identified the +1 war axe "Heux" {heavy, rF+ Str+3}
 28277 | Shoals:2 | Reached skill level 15 in Unarmed Combat
 28394 | Shoals:2 | Noticed Ilsuiw
 28406 | Shoals:2 | Killed Ilsuiw
 28812 | Shoals:2 | Identified the +2 animal skin of Winter {rPois rF+ Int+3}
 28862 | Shoals:3 | Noticed Nikola
 28863 | Shoals:3 | Noticed Polyphemus
 28875 | Shoals:3 | Reached skill level 19 in Shapeshifting
 28883 | Shoals:2 | Killed Nikola
 28889 | Shoals:2 | Killed Polyphemus
 29082 | Shoals:3 | Reached skill level 15 in Fighting
 29090 | Shoals:3 | Reached XP level 19. HP: 139/139 MP: 19/19
 29155 | Shoals:3 | Learned a level 4 spell: Vhi's Electric Charge
 29639 | Shoals:4 | Identified the "Qaddinoh"
 29639 | Shoals:4 | Entered Level 4 of the Shoals
 29678 | Shoals:4 | HP: 8/180 [wind drake/the air (14)]
 29679 | Shoals:4 | HP: 3/180 [merfolk/+2 spear of flaming[a merfolk impaler]
                  | (14)]
 29679 | Shoals:4 | Slain by a merfolk

Illustrated notes

Levels and vault maps discovered:
D:1:      wander_arrival_desolate, layout_loops_ring, st_stairs_9,
          minmay_stone_trees_small
D:2:      minmay_inner_zag, layout_rooms, kennysheep_cross_room,
          kennysheep_donut, glass_columns_b
D:3:      wad_pebble_path, layout_basic, minivault_24
D:4:      layout_cave_pods, nicolae_sif_muna_little_library,
          mainiacjoe_overflow_divided_tiny, mainiacjoe_overflow_24_doors,
          minivault_1
D:5:      layout_cave_pools
D:6:      layout_loops_ring, minmay_temple_entry_overgrown
D:7:      layout_loops_ring, trog_antimagical, chequers_serial_rivers_marsh,
          st_stairs_4, chequers_serial_rivers_small_b, nicolae_the_louvre
D:8:      layout_basic, minmay_misc_feat_more_columns
D:9:      layout_small_grid, bloody_makhleb
D:10:     layout_grid_maze, overflow_temple_1_default, minmay_lair_entry_grove,
          uniq_maggie
D:11:     layout_rooms, serial_shops, shop, uniq_psyche
D:12:     gammafunk_mikee_crab_dinner, layout_loops_ring, erik_orc_4
D:13:     layout_roguey, grunt_vaults_entry_tiered, serial_curves,
          eino_curves_04, eino_curves_01, special_room [special_room_bee],
          hex_medium, slow_altar_2
D:14:     layout_basic, skrybe_limestone_x
D:15:     grunt_enter_depths_magical_seal, layout_basic, corexii_corridor_pit
Temple:   regret_index_temple_generic_petals
Lair:1:   layout_layer_cave, beast_lair_carwin_7, uniq_sonja, uniq_nergalle
Lair:2:   lemuel_slime, layout_misc_corridors,
          minmay_shoals_entry_lonely_mermaid, spider_nest_entry_funnel_web,
          special_room, wad_woods_01
Lair:3:   layout_cave_pods
Lair:4:   layout_layer_cave, lookout_lair_type
Lair:5:   due_jungle_book, layout_cave_pods, nicolae_slime_entry_slimehenge,
          dreamdust_mushroom_princess, serial_bayou_pond_e
Shoals:1: layout_shoals, nicolae_shoals_raging_river
Shoals:2: argonaut_golden_fleece, layout_shoals, uniq_ilsuiw
Shoals:3: cheibrodos_shoals_satyrical_garden, layout_shoals, uniq_polyphemus,
          uniq_nikola
Shoals:4: shoals_end_hellmonk_holy_island, serial_shops, uniq_donald,
          uniq_mlioglotl, uniq_louise
Spider:1: layout_spider_delve, gammafunk_ghost_berserking_beasts,
          guppyfry_spider_mini_2
Spider:2: layout_cave_pods, uniq_aizul, uniq_azrael
Spider:3: layout_spider_delve, drop_trap
Spider:4: hellmonk_spider_rune_bug_friends, gammafunk_ghost_necromancy,
          uniq_arachne
Orc:1:    layout_diamond_mine, hellmonk_talismancer
Orc:2:    grunt_orc_tribal_feast, layout_diamond_mine

Skill      XL: |  1  2  3  4  5  6  7  8  9 10 11 12 13 14 15 16 17 18 19 |
---------------+----------------------------------------------------------+-----
Fighting       | 2 3 4 5 6 7 8 9 11 12 13 14 15 | 15.1
Shapeshifting  | 4 5 6 7 8 10 11 13 14 15 16 17 18 19 | 19.0
Unarmed Combat | 4 5 6 7 8 9 10 11 12 13 14 15 | 15.3
Transmutations | 1 3 4 5 |  5.0
Shields        | 2 5 6 8 9 10 11 12 | 12.9
Ice Magic      | 1 4 6 |  6.4
Dodging        | 4 6 8 9 |  9.6
Conjurations   | 2 3 |  3.0
Air Magic      | 2 3 |  3.2
Translocations | 4 6 8 |  8.1

Action                     |  1- 3 |  4- 6 |  7- 9 | 10-12 | 13-15 | 16-18 | 19-21 || total
---------------------------+-------+-------+-------+-------+-------+-------+-------++-------
  Melee: Unarmed           |    55 |    97 |   261 |   517 |   924 |   824 |    31 ||  2709
         Constrict         |    17 |    23 |    64 |    84 |   102 |   154 |     9 ||   453
         Tentacles         |    12 |    19 |    66 |   172 |   227 |   235 |     8 ||   739
         Punch             |     2 |     6 |    22 |    32 |    83 |    97 |     3 ||   245
         Tailslap          |       |       |       |       |    17 |       |       ||    17
         Bite              |       |       |       |       |    10 |       |       ||    10
  Throw: Dart              |       |       |       |     1 |       |       |       ||     1
   Cast: Wereblood         |       |       |       |     8 |    29 |    27 |     2 ||    66
         Vhi's Electric Ch |       |       |       |       |       |       |     1 ||     1
 Invoke: Potion Petition   |       |       |       |     1 |       |       |       ||     1
         Call Merchant     |       |       |       |       |     3 |     1 |       ||     4
  Evoke: Wand              |       |       |     6 |    10 |     1 |       |       ||    17
         Phial of floods   |       |       |       |       |       |     1 |       ||     1
    Use: Scroll            |       |     5 |     3 |     3 |    13 |     6 |     2 ||    32
         Potion            |       |     4 |     4 |     3 |     2 |     1 |     1 ||    15
   Stab: Sleeping          |     4 |     5 |     4 |     3 |     7 |     9 |       ||    32
         Distracted        |       |       |     3 |     4 |     7 |    12 |       ||    26
         Invisible         |       |       |     2 |     6 |       |       |       ||     8
         Petrified         |       |       |       |     7 |       |     1 |       ||     8
         Petrifying        |       |       |       |     2 |       |       |       ||     2
         Held in net/web   |       |       |       |       |       |     1 |       ||     1
 Armour: Skin              |    21 |    59 |   137 |   287 |   929 |   779 |    55 ||  2267
  Dodge: Dodged            |    24 |    68 |   150 |   268 |   558 |   638 |    32 ||  1738
  Block: Buckler           |       |       |       |   123 |   212 |       |       ||   335
         Kite shield       |       |       |       |       |   499 |  1404 |    69 ||  1972
         Reflection        |       |       |       |       |       |    79 |     5 ||    84
   Form: Flux              |       |       |     1 |       |       |       |       ||     1
         Beast             |       |       |       |     1 |       |       |       ||     1
         Statue            |       |       |       |       |     3 |       |       ||     3
         Dragon            |       |       |       |       |     1 |       |       ||     1

Table legend: (Time is in decaauts)
 A = Elapsed time spent in this place.
 B = Non-inter-level travel time spent in this place.
 C = Inter-level travel time spent in this place.
 D = Time resting spent in this place.
 E = Time spent auto-exploring this place.
 F = Levels seen in this place.
 G = Mean time per level.
                   A        B        C        D        E       F      G
               +--------+--------+--------+--------+--------+-----+--------+
         Total |  37379 |  34839 |   2540 |    940 |  26188 |  31 | 1205.8 |
       Dungeon |  15156 |  13691 |   1465 |    314 |  10451 |  15 | 1010.4 |
        Temple |      1 |      1 |      0 |      0 |      0 |   1 |    1.0 |
          Lair |   9236 |   8593 |    643 |    206 |   6373 |   5 | 1847.2 |
        Shoals |   4211 |   4089 |    122 |     82 |   3196 |   4 | 1052.8 |
   Spider Nest |   6961 |   6763 |    198 |    337 |   4962 |   4 | 1740.2 |
  Orcish Mines |   1812 |   1701 |    111 |      0 |   1205 |   2 |  906.0 |
               +--------+--------+--------+--------+--------+-----+--------+

Top non-repeatable levels by time:
Spider:4: 3282 daAuts
  Lair:2: 2269 daAuts
  Lair:5: 2119 daAuts
  Lair:4: 2074 daAuts
    D:12: 2036 daAuts
    D:10: 1903 daAuts
Shoals:2: 1796 daAuts
Shoals:1: 1485 daAuts
    D:13: 1481 daAuts
  Lair:1: 1432 daAuts
Spider:2: 1388 daAuts
  Lair:3: 1340 daAuts
Spider:3: 1149 daAuts
Spider:1: 1142 daAuts
     D:8: 1080 daAuts
